 Dungeon Crawl Stone Soup version 0.29.1-2-gbd0b4ee654 (webtiles) character file.

Game seed: 1570443933976023710

58 wangtao the Cudgeller (level 4, -1/32 (37) HPs)
             Began as a Human Berserker on Nov 23, 2022.
             Was a Believer of Trog.
             Slain by an orc
             ... wielding a +1 hand axe of draining
              (2 damage)
             ... on level 3 of the Dungeon.
             The game lasted 00:11:03 (1954 turns).

wangtao the Cudgeller (Human Berserker)             Turns: 1954, Time: 00:11:04

HP:   -1/32 (37)    AC:  2    Str: 20    XL:     4   Next: 21%
MP:   4/4           EV: 12    Int:  7    God:    Trog [**....]
Gold: 111           SH:  0    Dex: 12    Spells: 3/3 levels left

rFire   . . .      SeeInvis .   a - +0 mace
rCold   . . .      Faith    .   (no shield)
rNeg    . . .      Spirit   .   b - +0 animal skin
rPois   .          Reflect  .   (no helmet)
rElec   .          Harm     .   (no cloak)
rCorr   .          Rampage  .   (no gloves)
Will    .....                   (no boots)
Stlth   +.........              (no amulet)
HPRegen 0.10/turn               (no ring)
MPRegen 0.09/turn               (no ring)

@: heavily drained
A: no striking features
a: Renounce Religion, Berserk, Trog's Hand


You were on level 3 of the Dungeon.
You worshipped Trog.
Trog was pleased with you.
You visited 1 branch of the dungeon, and saw 3 of its levels.

You collected 111 gold pieces.

Inventory:

Hand Weapons
 a - a +0 mace (weapon)
 e - a +0 short sword
Missiles
 d - 8 stones (quivered)
 n - a throwing net
 u - 2 poisoned darts
Armour
 b - a +0 animal skin (worn)
 k - a +0 chain mail
 p - a +0 leather armour
 t - the +3 pair of gloves "Kueliog" {Rampage rElec Will- Int-3}
   (You found it on level 3 of the Dungeon)

   Int:       It affects your intelligence (-3).
   rElec:     It insulates you from electricity.
   Rampage:   It bestows one free step when moving towards enemies.
   Will:      It decreases your willpower.
Jewellery
 j - an amulet of magic regeneration
 s - a ring of protection from cold
Wands
 q - a wand of flame (16)
Scrolls
 f - a scroll of poison {unknown}
 g - a scroll of blinking {unknown}
 h - a scroll of magic mapping {unknown}
 i - 2 scrolls of teleportation {unknown}
 r - a scroll of fear {unknown}
 v - a scroll of identify {unknown}
Potions
 c - a potion of attraction {unknown}
 l - a potion of brilliance {unknown}
 m - a potion of flight {unknown}
 o - a potion of haste {unknown}


   Skills:
 + Level 3.7 Fighting
 + Level 3.9 Maces & Flails
 + Level 2.1 Armour
 + Level 2.2 Dodging
 + Level 0.2 Stealth


You had 3 spell levels left.
You didn't know any spells.
Your spell library was empty.

Dungeon Overview and Level Annotations

Branches:
Dungeon (3/15)

Altars:
Gozag
Vehumet


Message History

You kill the orc!
Trog accepts your kill. The orc hits you with a +0 short sword.
The orc hits you but does no damage.
You closely miss the orc. The orc hits you with a +0 short sword.
You barely miss the orc. The orc barely misses you.
You barely miss the orc. The orc hits you with a +0 short sword.
You closely miss the orc. The orc hits you with a +0 short sword.
You hit the orc.
The orc is lightly wounded.
The orc hits you with a +0 short sword. The orc closely misses you.
The orc shouts!
You hit the orc.
The orc is severely wounded.
The orc closely misses you. The orc misses you.
You hit the orc but do no damage.
The orc is severely wounded.
The orc misses you. The orc hits you with a +0 short sword.
You hit the orc.
You kill the orc!
Trog accepts your kill. The orc closely misses you.
You hit the orc.
The orc is heavily wounded.
The orc barely misses you.
You hit the orc.
The orc is almost dead.
The orc hits you with a +1 hand axe of draining.
You feel drained. The orc closely misses you.
You closely miss the orc.
The orc is almost dead.
The orc hits you with a +1 hand axe of draining.
* * * LOW HITPOINT WARNING * * *
You feel drained.
* * * LOW HITPOINT WARNING * * *
You closely miss the orc.
The orc is almost dead.
The orc hits you with a +1 hand axe of draining.
* * * LOW HITPOINT WARNING * * *
You feel drained.
You die...

#..#+###'#..#
#..#.....#..###
+..'.._..'..'.##
#.)#.....#..#..##
#..#'###+#..#...#
#..#.....#..#...#
+##'##+##'##'...#
#.....#....o#...#
#.....#..)@.#...#
###+##+##)###...#
#.........o...#
#####....o....#
#.........#
..........#
.#######....
#.#..$..#....
#.#..$..#....


You could see an orc.

Vanquished Creatures
  An adder (D:2)
  2 dart slugs
  4 orcs (D:3)
  2 ball pythons (D:2)
  2 endoplasms (D:1)
  A giant cockroach (D:1)
  2 goblins (D:1)
  3 hobgoblins (D:1)
  10 jackals (D:1)
  3 kobolds
  4 bats
  2 rats (D:1)
36 creatures vanquished.

Notes
Turn   | Place    | Note
-------+----------+-------------------------------------------
     0 | D:1      | wangtao the Human Berserker began the quest for the Orb.
     0 | D:1      | Reached XP level 1. HP: 18/18 MP: 1/1
   276 | D:1      | Reached XP level 2. HP: 17/24 MP: 2/2
   448 | D:1      | Reached XP level 3. HP: 19/29 MP: 3/3
  1520 | D:2      | Reached ** piety under Trog
  1717 | D:3      | Reached XP level 4. HP: 32/36 MP: 4/4
  1768 | D:3      | Found an opulent altar of Gozag.
  1798 | D:3      | Identified the +3 pair of gloves "Kueliog" {Rampage rElec
                  | Will- Int-3}
  1870 | D:3      | Found a radiant altar of Vehumet.
  1954 | D:3      | HP: 1/34 [orc/+1 hand axe of draining (4)]
  1954 | D:3      | Slain by an orc

Illustrated notes

Levels and vault maps discovered:
D:1:      nagdon_arrival_zigzag_paths, layout_basic,
          chequers_serial_rivers_micro_e, minivault_23, chequers_mini_garden,
          chequers_garden
D:2:      layout_loops_corners, chequers_serial_rivers_small_a, uniq_natasha,
          uniq_terence, uniq_sigmund, uniq_jessica
D:3:      layout_basic, mainiacjoe_overflow_tiny_flanked,
          dancing_weapons_uskayaw, mainiacjoe_overflow_24_doors,
          amcnicky_altar_gilded

Action                   |  1- 3 |  4- 6 || total
-------------------------+-------+-------++-------
Melee: Mace              |    78 |    28 ||   106
Armor: Animal skin       |    28 |     5 ||    33
Dodge: Dodged            |    63 |    27 ||    90
